 Dungeon Crawl Stone Soup version 0.28-a0-773-g130ae17fe5 (webtiles) character file.

Game seed: 10561464738121629496

1843 spiderkeys the Sneak (level 8, -3/42 HPs)
             Began as a Spriggan Abyssal Knight on Nov 2, 2021.
             Was a Priest of Lugonu.
             Slain by a hornet (7 damage)
             ... on level 7 of the Dungeon.
             The game lasted 00:11:22 (7270 turns).

spiderkeys the Sneak (Spriggan Abyssal Knight)      Turns: 7270, Time: 00:11:22

Health: -3/42      AC: 10    Str: 15    XL:     8   Next: 87%
Magic:  13/13      EV: 26    Int: 11    God:    Lugonu [***...]
Gold:   476        SH:  0    Dex: 18    Spells: 7/7 levels left

rFire   + . .      SeeInvis +   a - +2 rapier (protect)
rCold   . . .      Faith    .   (shield restricted)
rNeg    . . .      Spirit   .   h - +1 robe
rPois   .          Reflect  .   (helmet restricted)
rElec   .          Harm     .   (no cloak)
rCorr   .          Rampage  .   (gloves unavailable)
Will    +++..                   (boots unavailable)
Stlth   +++++.....              (no amulet)
HPRegen 0.14/turn               m - ring "Rafuerum" {rF+ Will++ EV+4 Stlth+}
MPRegen 0.13/turn               S - +6 ring of strength

@: under a protective aura, slowed, quick
A: very small, no large weapons, unfitting armour, see invisible, speed 3,
talons 1
a: Renounce Religion, Depart the Abyss, Bend Space, Banish


You were on level 7 of the Dungeon.
You worshipped Lugonu.
Lugonu was most pleased with you.
You visited 1 branch of the dungeon, and saw 7 of its levels.
You visited the Abyss 1 time.

You collected 476 gold pieces.


Innate Abilities, Weirdness & Mutations

You are very small and have problems with some larger weapons.
You are too small for most types of armour.
You have supernaturally acute eyesight. (SInv)
You cover ground extremely quickly. (Speed+++)
You have sharp toenails.


   Skills:
 + Level 4.9 Fighting
 + Level 6.0 Short Blades
 + Level 7.4 Dodging
 + Level 7.9 Stealth
 + Level 5.3 Invocations


You had 7 spell levels left.
You didn't know any spells.
Your spell library contained the following spells:

 Spells                   Type           Power      Damage    Failure   Level
 Shock                    Conj/Air       0%         1d3       34%         1
 Gell's Gravitas          Tloc           0%         N/A       71%         3
 Lesser Beckoning         Tloc           0%         N/A       71%         3
 Swiftness                Air            0%         N/A       71%         3
 Teleport Other           Tloc           0%         N/A       71%         3
 Airstrike                Air            0%         N/A       98%         4

Inventory:

Hand Weapons
 a - a +2 rapier of protection (weapon)
   (You found it on level 2 of the Dungeon)
 b - a +0 hunting sling
   (You took it off a goblin on level 2 of the Dungeon)
 i - a +1 short sword
Missiles
 e - 115 arrows
 g - 190 stones
 s - 25 sling bullets
 u - 12 bolts
 A - a throwing net {=f!f}
Armour
 h - a +1 robe (worn)
Magical Staves
 q - a staff of poison {!a}
   (You found it on level 6 of the Dungeon)
Jewellery
 m - the ring "Rafuerum" (left hand) {rF+ Will++ EV+4 Stlth+}
   (You acquired it on level 5 of the Dungeon)

   [ring of evasion]

   EV:        It affects your evasion (+4).
   rF:        It protects you from fire.
   Will:      It greatly increases your willpower.
   Stlth:     It makes you more stealthy.
 v - a ring of see invisible
   (You found it on level 2 of the Dungeon)
 z - a ring of wizardry
   (You found it on level 5 of the Dungeon)
 F - a ring of protection from fire
   (You found it on level 6 of the Dungeon)
 S - a +6 ring of strength (right hand)
   (You found it on level 4 of the Dungeon)
 Z - a ring of wizardry
   (You found it on level 3 of the Dungeon)
Scrolls
 f - a scroll of magic mapping {!r}
 l - 5 scrolls of enchant weapon
 n - a scroll of summoning
 r - a scroll of fear
 w - 2 scrolls of teleportation {@r4}
 D - a scroll of fog {unknown}
 E - a scroll of blinking {!r}
 G - 2 scrolls of identify {@r1}
Potions
 c - 2 potions of mutation {!q}
 k - 2 potions of haste {unknown}
 o - 3 potions of flight {unknown}
 p - a potion of magic {unknown}
 t - a potion of heal wounds {unknown}
 x - a potion of attraction {unknown}
 B - a potion of degeneration {unknown}
 C - a potion of might {unknown}
Miscellaneous
 d - a condenser vane (inert)
   (You found it on level 3 of the Abyss)

Dungeon Overview and Level Annotations

Branches:
Dungeon (7/15)             Temple (0/1) D:7

Altars:
Cheibriados
Fedhas
Hepliaklqana
Uskayaw
The Shining One

Shops:
D:4 (   D:5 = D:6

* #..# #.# # #.##..####### #(# #
#.##........# #.# #.###.#####.#
#.# #.# #.# #.#####.# #Y# #.# #.#
#.....#.# #Y# #.# #.# ####....#
#.# #.# ## #.# ##.....## #y#
#.#####+####. #.####.......###@#
#.##.......#. #.............##)#
#..#.......#.
#............###.####..'...>...'.
##..#.................##.......##
#....##...#####.#######.......#
#.#.####........# ####'#### #.#.#
##.###############..# #.#.#
#............)....##
#.#.###################.###


You could see a hornet and 2 ice beasts.


Message History

You puncture the kobold!
You kill the kobold!
Lugonu accepts your kill.
The kobold throws a poisoned dart.
The poisoned dart misses you.
The kobold throws a stone.
The stone completely misses you. 😕 MP[+1]
Your mp is fully restored (13).
The kobold throws a poisoned dart.
The poisoned dart completely misses you.
Okay, then.
Okay, then. 😕 HP[+1] 😎 HP[+1]
Your hp is fully restored (42).
You see here a +0 trident.
A hornet is nearby!
The hornet buzzes angrily.
You hit the hornet.
Your weapon exudes an aura of protection.
The hornet stings you!
You feel yourself slow down.
An ice beast comes into view.
The hornet completely misses you. 😮 HP[-13]
You take 13 damage, and now have 29/42 hp.
MASSIVE DAMAGE!! (PAUSE)
You hit the hornet but do no damage. The hornet completely misses you. x2
You barely miss the hornet. The hornet misses you.
The hornet completely misses you.
You barely miss the hornet.
You feel yourself speed up. The hornet completely misses you.
The hornet stings you.
You are poisoned.
You feel yourself slow down. 😮 HP[-3]
You take 3 damage, and now have 26/42 hp.
Unknown command.
It was a potion of mutation.
You feel extremely strange.
Your toenails lengthen and sharpen.
You feel yourself speed up.
You feel very sick. The hornet barely misses you.
An ice beast comes into view.
The hornet misses you. 😮 HP[-4]
You take 4 damage, and now have 22/42 hp.
Okay, then.
It was a potion of curing.
You feel better.
The hornet completely misses you. 😮 HP[+7]
You regained 7 hp, and now have 29/42 hp.
You hit the hornet but do no damage.
Your weapon exudes an aura of protection.
You claw the hornet, but do no damage.
The hornet completely misses you. x2 😮 HP[+1]
You hit the hornet. The hornet barely misses you.
You barely miss the hornet. Your kick misses the hornet. The hornet stings you!
* * * LOW HITPOINT WARNING * * *
You feel yourself slow down.
The hornet completely misses you. 😨 HP[-9]
You take 9 damage, and now have 21/42 hp.
MASSIVE DAMAGE!! (PAUSE)
You feel better.
The hornet completely misses you. x2 😮 HP[+9]
You regained 9 hp, and now have 30/42 hp.
You feel yourself speed up. 😮 HP[+1]
Okay, then.
Throw: dart (curare) {=f}
Press: ? - help, Shift-Dir - straight line, f - hornet
Aim: a hornet (50% to hit)
You throw a curare-tipped dart {=f}.
The curare-tipped dart {=f} closely misses the hornet. 😕 HP[+1]
You barely miss the hornet. Your kick misses the hornet. The hornet stings you.
You are poisoned.
You feel yourself slow down. The hornet misses you. 😮 HP[-4]
You take 4 damage, and now have 28/42 hp.
You hit the hornet.
Your weapon exudes an aura of protection.
You feel yourself speed up.
You feel very sick. The hornet closely misses you. The hornet stings you!
* * * LOW HITPOINT WARNING * * *
You are lethally poisoned!
You suddenly lose the ability to move!
* * * LOW HITPOINT WARNING * * *
You feel very sick. The hornet barely misses you.
You can move again. 😨 HP[-17]
You take 17 damage, and now have 11/42 hp.
MASSIVE DAMAGE!! (PAUSE)
You feel better. The hornet stings you!
* * * LOW HITPOINT WARNING * * *
You feel yourself slow down. The hornet stings you!
You die...

Skill      XL: |  1  2  3  4  5  6  7  8 |
---------------+-------------------------+-----
Invocations    | 2 3 4 5 |  5.3
Stealth        | 1 2 3 4 6 7 |  7.9
Dodging        | 4 5 6 7 |  7.4
Short Blades   | 3 4 5 6 |  6.0
Fighting       | 3 4 |  4.9

Action                   |  1- 3 |  4- 6 |  7- 9 || total
-------------------------+-------+-------+-------++-------
Melee: Short sword       |    70 |       |       ||    70
       Rapier            |    55 |   142 |   221 ||   418
       Kick              |       |       |     1 ||     1
 Fire: Hunting sling     |     9 |    26 |       ||    35
Throw: Dart              |       |     1 |     1 ||     2
Invok: Depart the Abyss  |     1 |       |       ||     1
       Bend Space        |       |     1 |       ||     1
Evoke: Wand              |       |     7 |       ||     7
       Condenser vane    |       |       |     1 ||     1
  Use: Scroll            |     5 |       |     5 ||    10
       Potion            |       |       |     4 ||     4
 Stab: Sleeping          |     4 |     7 |     8 ||    19
       Distracted        |     1 |       |       ||     1
Armor: Robe              |    22 |    33 |    47 ||   102
Dodge: Dodged            |   103 |    94 |   237 ||   434

Levels and vault maps discovered:
D:1:      eino_arrival_water_star, layout_basic
D:2:      layout_loops_ring, bh_walls_and_bars, uniq_robin
D:3:      layout_basic, general_overflow_altar,
          hellmonk_ecumenical_altar_lost_god
D:4:      layout_rooms, lemuel_round_altar, lemuel_round_altar,
          nrook_mini_vaults, nicolae_shop_firing_range
D:5:      layout_basic, serial_shops, shop_fountains, corexii_hall_statues_l,
          uniq_edmund
D:6:      cheibrodos_helix_gallery, layout_loops_ring,
          overflow_temple_1_default, serial_shops, shop, uniq_menkaure
D:7:      layout_loops_ring, fedhas_altar_fruit_tree, temple_green

Notes
Turn   | Place    | Note
-------+----------+-------------------------------------------
     0 | Abyss:1  | spiderkeys the Spriggan Abyssal Knight began the quest for
                  | the Orb.
     0 | Abyss:1  | Reached XP level 1. HP: 11/11 MP: 3/3
     0 | Abyss:1  | magus.rc [v1.9.10]
   106 | Abyss:2  | Found a corrupted altar of Lugonu.
   115 | Abyss:2  | Noticed a purple draconian shifter
   153 | Abyss:2  | Noticed a ynoxinul
   153 | Abyss:2  | Noticed an ancient zyme
   153 | Abyss:2  | Noticed a small abomination
   155 | Abyss:2  | Noticed a ynoxinul
   155 | Abyss:2  | Noticed a deep elf elementalist
   158 | Abyss:2  | Noticed an earth elemental
   168 | Abyss:2  | Noticed an earth elemental
   186 | Abyss:2  | Noticed a large abomination
   189 | Abyss:2  | Noticed a glowing orange brain
   237 | Abyss:2  | Noticed an unseen horror
   245 | Abyss:2  | Noticed a worldbinder
   248 | Abyss:2  | Noticed a bog body
   253 | Abyss:3  | Found a corrupted altar of Lugonu.
   294 | Abyss:3  | Noticed a tentacled starspawn
   301 | Abyss:3  | Noticed a hellephant
   303 | D:1      | You pass through the gate.
   303 | D:1      | Escaped the Abyss
   468 | D:1      | Reached skill level 2 in Invocations
   468 | D:1      | HP: 2/11 [frozen (5)]
   514 | D:1      | Reached XP level 2. HP: 5/16 MP: 4/4
   668 | D:1      | Reached skill level 1 in Stealth
  1038 | D:1      | Reached * piety under Lugonu
  1633 | D:2      | Reached XP level 3. HP: 13/19 MP: 5/5
  1636 | D:2      | Noticed Robin
  1955 | D:2      | Reached skill level 2 in Stealth
  2633 | D:2      | Killed Robin
  2634 | D:2      | Reached skill level 4 in Dodging
  2634 | D:2      | Reached XP level 4. HP: 19/23 MP: 6/6
  2937 | D:3      | Reached ** piety under Lugonu
  2951 | D:3      | Reached skill level 3 in Short Blades
  3221 | D:3      | Found a faded altar of an unknown god.
  3445 | D:3      | Found a glowing golden altar of the Shining One.
  3678 | D:4      | Reached skill level 3 in Fighting
  3678 | D:4      | Reached skill level 3 in Stealth
  3678 | D:4      | Reached XP level 5. HP: 20/28 MP: 6/8
  3871 | D:4      | Reached skill level 3 in Invocations
  4106 | D:4      | You pick up a book of Air and begin reading...
  4106 | D:4      | You add the spells Shock, Swiftness and Airstrike to your
                  | library.
  4182 | D:4      | Found a hazy altar of Hepliaklqana.
  4283 | D:4      | Found a hide-covered altar of Uskayaw.
  4400 | D:4      | Found Piycsul's Firing Range.
  4460 | D:5      | Entered Level 5 of the Dungeon
  4484 | D:5      | Noticed a phantom
  4504 | D:5      | Killed a phantom
  4505 | D:5      | Reached skill level 4 in Stealth
  4505 | D:5      | Reached XP level 6. HP: 30/32 MP: 9/9
  4543 | D:5      | Noticed Edmund
  4631 | D:5      | Reached skill level 4 in Short Blades
  4631 | D:5      | Reached skill level 5 in Dodging
  4666 | D:5      | Killed Edmund
  4667 | D:5      | Reached XP level 7. HP: 19/36 MP: 10/10
  4917 | D:5      | Reached skill level 5 in Stealth
  4966 | D:5      | Found Xall's Jewellery Emporium.
  5165 | D:5      | Reached *** piety under Lugonu
  5410 | D:5      | Reached skill level 4 in Invocations
  5544 | D:5      | Reached skill level 4 in Fighting
  5621 | D:5      | Reached skill level 6 in Dodging
  5626 | D:5      | Reached skill level 6 in Stealth
  5801 | D:5      | Identified a scroll of acquirement
  5803 | D:5      | Acquired the ring "Rafuerum" {rF+ Will++ EV+4 Stlth+}
  5999 | D:6      | Reached skill level 5 in Short Blades
  5999 | D:6      | Reached XP level 8. HP: 42/42 MP: 12/12
  6065 | D:6      | Found a snail-covered altar of Cheibriados.
  6137 | D:6      | Found Jateasixa's General Store.
  6281 | D:6      | Reached skill level 7 in Stealth
  6325 | D:6      | Noticed Menkaure
  6329 | D:6      | Killed Menkaure
  6330 | D:6      | Reached skill level 5 in Invocations
  6755 | D:7      | Found a staircase to the Ecumenical Temple.
  6777 | D:7      | Reached skill level 7 in Dodging
  6849 | D:7      | Found a blossoming altar of Fedhas.
  6888 | D:7      | You pick up a book of Displacement and begin reading...
  6888 | D:7      | You add the spells Lesser Beckoning, Gell's Gravitas and
                  | Teleport Other to your library.
  7164 | D:7      | Noticed a hornet
  7178 | D:7      | Reached skill level 6 in Short Blades
  7244 | D:7      | Gained mutation: You have sharp toenails. [potion of
                  | mutation]
  7268 | D:7      | Paralysed by a hornet for 2 turns
  7270 | D:7      | HP: 4/42 [hornet (12)]
  7270 | D:7      | Slain by a hornet

Vanquished Creatures
  Menkaure (D:6)
  Edmund (D:5)
  2 sky beasts
  A black bear (D:6)
  A centaur (D:6)
  A kobold brigand (D:7)
  4 phantoms
  2 bullfrogs
  A wyvern zombie (D:7)
  A scorpion (D:6)
  2 water moccasin skeletons (D:4)
  An electric eel (D:6)
  A centaur zombie (D:6)
  A bullfrog zombie (D:6)
  3 hounds (D:5)
  An orc priest (D:7)
  A jelly (D:5)
  A centaur skeleton (D:5)
  An iguana (D:5)
  An orc wizard (D:7)
  A hound skeleton (D:4)
  Robin (D:2)
  6 adders
  2 white imps (D:6)
  An adder zombie (D:5)
  3 dart slugs
  A worm (D:4)
  5 orcs
  7 bats
  8 endoplasms
  3 giant cockroaches
  12 goblins
  12 hobgoblins
  13 kobolds
  3 quokkas
  3 training dummies (D:4)
  4 ball pythons
  3 frilled lizards (D:2)
  8 rats
124 creatures vanquished.

Vanquished Creatures (others)
  An iguana (D:6)
1 creature vanquished.

Grand Total: 125 creatures vanquished

Table legend:
 A = Non-vault XP
 B = Vault XP
 C = Vault XP percentage of total XP
 D = Non-vault monster count
 E = Vault monster count
 F = Vault count percentage of total count
                 A         B        C        D         E       F
            +---------+---------+-------+---------+---------+-------
      Total |    2144 |     489 |  18.6 |     109 |      16 |  12.8
            +---------+---------+-------+---------+---------+-------
        D:1 |      37 |       0 |   0.0 |      21 |       0 |   0.0
        D:2 |      47 |      30 |  39.0 |      17 |       9 |  34.6
        D:3 |      33 |       0 |   0.0 |      16 |       0 |   0.0
        D:4 |     186 |       6 |   3.1 |      14 |       3 |  17.6
        D:5 |     743 |     164 |  18.1 |      17 |       1 |   5.6
        D:6 |     594 |     289 |  32.7 |      10 |       3 |  23.1
        D:7 |     504 |       0 |   0.0 |      14 |       0 |   0.0
            +---------+---------+-------+---------+---------+-------

Illustrated notes

Table legend:
 A = Kills in this place as a percentage of kills in entire the game.
 B = Kills by you in this place as a percentage of kills by you in the entire game.
 C = Kills by friends in this place as a percentage of kills by friends in the entire game.
 D = Other kills in this place as a percentage of other kills in the entire game.
 E = Experience gained in this place as a percentage of experience gained in the entire game.
 F = Experience gained in this place divided by the number of levels of this place that you have seen.
                   A       B       C       D       E      F
               +-------+-------+-------+-------+-------+----------------------
         Total | 100.0 | 100.0 |   N/A | 100.0 | 100.0 | 263.3
       Dungeon | 100.0 | 100.0 |   N/A | 100.0 | 100.0 | 376.1
               +-------+-------+-------+-------+-------+----------------------

Table legend: (Time is in decaauts)
 A = Elapsed time spent in this place.
 B = Non-inter-level travel time spent in this place.
 C = Inter-level travel time spent in this place.
 D = Time resting spent in this place.
 E = Time spent auto-exploring this place.
 F = Levels seen in this place.
 G = Mean time per level.
                   A        B        C        D        E       F      G
               +--------+--------+--------+--------+--------+-----+--------+
         Total |   5600 |   5513 |     87 |    352 |   3975 |  10 |  560.0 |
       Dungeon |   5413 |   5326 |     87 |    352 |   3912 |   7 |  773.3 |
         Abyss |    186 |    186 |      0 |      0 |     62 |   3 |   62.0 |
               +--------+--------+--------+--------+--------+-----+--------+

Top non-repeatable levels by time:
     D:2: 1143 daAuts
     D:5: 1062 daAuts
     D:1: 1019 daAuts
     D:4: 632 daAuts
     D:6: 612 daAuts
     D:3: 565 daAuts
     D:7: 377 daAuts
 Abyss:2: 86 daAuts
 Abyss:1: 63 daAuts
 Abyss:3: 36 daAuts
